BSA
SO CAL BRUINS @ NEVADA NOISE
09/27/2028
 
TOP OF THE 1ST
So Cal Bruins batting - Pitching for Nevada Noise : RHP Don Wiggins
Pitching: RHP Don Wiggins
Batting: LHB Phil Smith 0-0: SINGLE (Flyball, 9LS)
Batting: RHB Lawrence Schroeder 0-0: Ball
1-0: Ball
2-0: Swinging Strike
2-1: 2-RUN HOME RUN (Flyball, 78XD), Distance : 398 ft
Batting: RHB Earl Wiggins 0-0: Ball
1-0: Called Strike
1-1: Foul Ball, location: 2F
1-2: Ball
2-2: Ball
3-2: DOUBLE (Line Drive, 7LM)
Batting: RHB Rubén Calderón 0-0: Ball
1-0: Fly out, F7 (Line Drive, 7)
Batting: LHB Kiyonaga Morita 0-0: Ball
1-0: Fly out, F7 (Flyball, 78S)
Lined into DP, 7-4 (Flyball, 78S)
Top of the 1st over - 2 run(s), 3 hit(s), 0 error(s), 0 left on base; So Cal 2 - Nevada 0
BOTTOM OF THE 1ST
Nevada Noise batting - Pitching for So Cal Bruins : RHP Juan González
Pitching: RHP Juan González
Batting: RHB Fernando Gálvez 0-0: Ball
1-0: SINGLE (Groundball, 56D)
Batting: RHB Fernando Martínez 0-0: Ball
1-0: Swinging Strike
1-1: Called Strike
1-2: Strikes out swinging
Batting: SHB Julián Madrid 0-0: Ball
1-0: Foul Ball, location: 2F
1-1: Ball
2-1: Ball
3-1: DOUBLE (Flyball, 89D)
Fernando Gálvez to third
Batting: LHB Pablo Reyes 0-0: Called Strike
0-1: 3-RUN HOME RUN (Flyball, 7D), Distance : 392 ft
Batting: LHB José Román 0-0: SINGLE (Line Drive, 6MD)
Batting: RHB Vern Carlton 0-0: Called Strike
0-1: Foul Ball, location: 2F
0-2: Ball
1-2: Fly out, F8 (Flyball, 78M)
Batting: LHB Jeff Cole 0-0: Ball
1-0: Foul Ball, location: 2F
1-1: Ball
2-1: Foul Ball, location: 2F
2-2: Foul Ball, location: 2F
2-2: Ball
3-2: Ground out 4-3 (Groundball, 34)
Bottom of the 1st over - 3 run(s), 4 hit(s), 0 error(s), 1 left on base; So Cal 2 - Nevada 3
TOP OF THE 2ND
So Cal Bruins batting - Pitching for Nevada Noise : RHP Don Wiggins
Batting: LHB Jeff Carter 0-0: Foul Ball, location: 2F
0-1: Ball
1-1: Foul Ball, location: 2F
1-2: Strikes out looking
Batting: LHB Patrick Osborne 0-0: DOUBLE (Flyball, 78XD)
Batting: LHB César Valentín 0-0: Called Strike
0-1: SINGLE (Groundball, 4MD)
Patrick Osborne to third
Batting: RHB Eugene Gill 0-0: Ball
1-0: Fly out, F7 (Line Drive, 7)
Batting: LHB Phil Smith 0-0: Called Strike
0-1: Ball
1-1: Fly out, F4 (Line Drive, 4D)
Top of the 2nd over - 0 run(s), 2 hit(s), 0 error(s), 2 left on base; So Cal 2 - Nevada 3
BOTTOM OF THE 2ND
Nevada Noise batting - Pitching for So Cal Bruins : RHP Juan González
Batting: RHB José Velázquez 0-0: Foul Ball, location: 2F
0-1: Ball
1-1: Ball
2-1: Foul Ball, location: 2F
2-2: Ground out 6-3 (Groundball, 6)
Batting: RHB Gustavo Rodríguez 0-0: Ball
1-0: Foul Ball, location: 2F
1-1: Called Strike
1-2: Ball
2-2: Ball
3-2: Ground out 5-3 (Groundball, 56)
Batting: RHB Fernando Gálvez 0-0: Ball
1-0: Ground out 6-3 (Groundball, 6)
Bottom of the 2nd over - 0 run(s), 0 hit(s), 0 error(s), 0 left on base; So Cal 2 - Nevada 3
TOP OF THE 3RD
So Cal Bruins batting - Pitching for Nevada Noise : RHP Don Wiggins
Batting: RHB Lawrence Schroeder 0-0: Ball
1-0: Called Strike
1-1: Foul Ball, location: 2F
1-2: Ball
2-2: Foul Ball, location: 2F
2-2: Ball
3-2: Fly out, F5 (Line Drive, 56)
Batting: RHB Earl Wiggins 0-0: Called Strike
0-1: Ground out 5-3 (Groundball, 56)
Batting: RHB Rubén Calderón 0-0: Ball
1-0: Foul Ball, location: 2F
1-1: Hit by Pitch
Batting: LHB Kiyonaga Morita 0-0: Ball
1-0: Called Strike
1-1: Ball
2-1: SINGLE (Groundball, 4MD)
Rubén Calderón to second
Runner from 2nd tries for 3rd, SAFE, throw made to third
Batting: LHB Jeff Carter 0-0: Ball
1-0: Ball
2-0: Fly out, F4 (Popup, 4D)
Top of the 3rd over - 0 run(s), 1 hit(s), 0 error(s), 2 left on base; So Cal 2 - Nevada 3
BOTTOM OF THE 3RD
Nevada Noise batting - Pitching for So Cal Bruins : RHP Juan González
Batting: RHB Fernando Martínez 0-0: Ball
1-0: Ball
2-0: Ground out 5-3 (Groundball, 56)
Batting: SHB Julián Madrid 0-0: Called Strike
0-1: Swinging Strike
0-2: Ball
1-2: Fly out, F8 (Flyball, 78M)
Batting: LHB Pablo Reyes 0-0: Called Strike
0-1: Ground out U3 (Groundball, 3L)
Bottom of the 3rd over - 0 run(s), 0 hit(s), 0 error(s), 0 left on base; So Cal 2 - Nevada 3
TOP OF THE 4TH
So Cal Bruins batting - Pitching for Nevada Noise : RHP Don Wiggins
Batting: LHB Patrick Osborne 0-0: Ball
1-0: Ball
2-0: Foul Ball, location: 2F
2-1: Ball
3-1: Called Strike
3-2: Fly out, F3 (Line Drive, 3)
Batting: LHB César Valentín 0-0: Ball
1-0: Swinging Strike
1-1: Ball
2-1: Called Strike
2-2: Foul Ball, location: 2F
2-2: Fly out, F7 (Flyball, 78S)
Batting: RHB Eugene Gill 0-0: Ball
1-0: Called Strike
1-1: Ball
2-1: SINGLE (Groundball, 6MD)
Batting: LHB Phil Smith 0-0: Called Strike
0-1: Foul Ball, location: 2F
0-2: Ball
1-2: Ball
2-2: Ball
3-2: Strikes out swinging
Top of the 4th over - 0 run(s), 1 hit(s), 0 error(s), 1 left on base; So Cal 2 - Nevada 3
BOTTOM OF THE 4TH
Nevada Noise batting - Pitching for So Cal Bruins : RHP Juan González
Batting: LHB José Román 0-0: Called Strike
0-1: Fly out, F6 (Line Drive, 56)
Batting: RHB Vern Carlton 0-0: Called Strike
0-1: Ground out 4-3 (Groundball, 4)
Batting: LHB Jeff Cole 0-0: Called Strike
0-1: Swinging Strike
0-2: Strikes out looking
Bottom of the 4th over - 0 run(s), 0 hit(s), 0 error(s), 0 left on base; So Cal 2 - Nevada 3
TOP OF THE 5TH
So Cal Bruins batting - Pitching for Nevada Noise : RHP Don Wiggins
Batting: RHB Lawrence Schroeder 0-0: Foul Ball, location: 2F
0-1: Foul Ball, location: 2F
0-2: Ball
1-2: Foul Ball, location: 2F
1-2: DOUBLE (Line Drive, 8RD)
Batting: RHB Earl Wiggins 0-0: Called Strike
0-1: Called Strike
0-2: Ball
1-2: Foul Ball, location: 2F
1-2: DOUBLE (Flyball, 89D)
Lawrence Schroeder scores
Batting: RHB Rubén Calderón 0-0: Ball
1-0: Called Strike
1-1: Foul Ball, location: 2F
1-2: Ball
2-2: Foul Ball, location: 2F
2-2: Ground out 6-3 (Groundball, 6S)
Earl Wiggins to third
Batting: LHB Kiyonaga Morita 0-0: Ground out 6-3 (Groundball, 6)
Earl Wiggins scores
Batting: LHB Jeff Carter 0-0: Ball
1-0: Ball
2-0: Ball
3-0: Base on Balls
Batting: LHB Patrick Osborne 0-0: Called Strike
0-1: Swinging Strike
0-2: Ball
1-2: Ball
2-2: Ball
3-2: Strikes out looking
Top of the 5th over - 2 run(s), 2 hit(s), 0 error(s), 1 left on base; So Cal 4 - Nevada 3
BOTTOM OF THE 5TH
Nevada Noise batting - Pitching for So Cal Bruins : RHP Juan González
Batting: RHB José Velázquez 0-0: Ball
1-0: Foul Ball, location: 2F
1-1: Foul Ball, location: 2F
1-2: Foul Ball, location: 2F
1-2: Ball
2-2: Ball
3-2: Foul Ball, location: 2F
3-2: Foul Ball, location: 2F
3-2: Foul Ball, location: 2F
3-2: Foul Ball, location: 2F
3-2: SOLO HOME RUN (Flyball, 7D), Distance : 405 ft
Pitching: RHP Ramón López
Batting: RHB Gustavo Rodríguez 0-0: Ball
1-0: Ground out 6-3 (Groundball, 6MS)
Batting: RHB Fernando Gálvez 0-0: Ball
1-0: Foul Ball, location: 2F
1-1: Ball
2-1: SINGLE (Groundball, 6MD)
Batting: RHB Fernando Martínez 0-0: Ball
1-0: Called Strike
1-1: Ball
2-1: Called Strike
2-2: Strikes out looking
Batting: SHB Julián Madrid 0-0: Ball
Fernando Gálvez steals 2nd base
1-0: Ball
2-0: Ball
3-0: Called Strike
3-1: Base on Balls
Batting: LHB Pablo Reyes 0-0: Called Strike
0-1: Swinging Strike
0-2: Ball
1-2: Foul Ball, location: 2F
1-2: Strikes out swinging
Bottom of the 5th over - 1 run(s), 2 hit(s), 0 error(s), 2 left on base; So Cal 4 - Nevada 4
TOP OF THE 6TH
So Cal Bruins batting - Pitching for Nevada Noise : RHP Don Wiggins
Pitching: LHP José Mercado
Batting: LHB César Valentín 0-0: Called Strike
0-1: Ball
1-1: Ball
2-1: Fly out, F8 (Flyball, 8LM)
Batting: RHB Eugene Gill 0-0: Ball
1-0: Ball
2-0: Fly out, F7 (Flyball, 7)
Batting: LHB Phil Smith 0-0: Ball
1-0: Swinging Strike
1-1: Called Strike
1-2: Strikes out looking
Top of the 6th over - 0 run(s), 0 hit(s), 0 error(s), 0 left on base; So Cal 4 - Nevada 4
BOTTOM OF THE 6TH
Nevada Noise batting - Pitching for So Cal Bruins : RHP Ramón López
Batting: LHB José Román 0-0: Called Strike
0-1: Ball
1-1: Foul Ball, location: 2F
1-2: Ball
2-2: Foul Ball, location: 2F
2-2: Strikes out swinging
Batting: RHB Vern Carlton 0-0: Called Strike
0-1: Swinging Strike
0-2: Strikes out swinging
Batting: LHB Jeff Cole 0-0: Swinging Strike
0-1: Swinging Strike
0-2: Ball
1-2: Strikes out looking
Bottom of the 6th over - 0 run(s), 0 hit(s), 0 error(s), 0 left on base; So Cal 4 - Nevada 4
TOP OF THE 7TH
So Cal Bruins batting - Pitching for Nevada Noise : LHP José Mercado
Batting: RHB Lawrence Schroeder 0-0: Called Strike
0-1: Ball
1-1: Ball
2-1: Ball
3-1: Foul Ball, location: 2F
3-2: Foul Ball, location: 2F
3-2: Fly out, F9 (Line Drive, 9)
Batting: RHB Earl Wiggins 0-0: Called Strike
0-1: Called Strike
0-2: Ball
1-2: Ball
2-2: Ball
3-2: Foul Ball, location: 2F
3-2: Base on Balls
Batting: RHB Rubén Calderón 0-0: Swinging Strike
0-1: Called Strike
0-2: Ball
1-2: Foul Ball, location: 2F
1-2: SINGLE (Line Drive, 7S)
Earl Wiggins to second
Pinch Hitting: RHB Juan Valverde 0-0: Called Strike
0-1: Foul Ball, location: 2F
0-2: SINGLE (Line Drive, 78M)
Earl Wiggins to third
Rubén Calderón to second
Pinch Hitting: RHB Morgan Gibbon 0-0: Fly out, F2 (Popup, 23)
Batting: LHB Patrick Osborne 0-0: Ball
1-0: Foul Ball, location: 2F
1-1: Ball
2-1: Foul Ball, location: 2F
2-2: Fly out, F3 (Line Drive, 3)
Top of the 7th over - 0 run(s), 2 hit(s), 0 error(s), 3 left on base; So Cal 4 - Nevada 4
BOTTOM OF THE 7TH
Nevada Noise batting - Pitching for So Cal Bruins : RHP Ramón López
Now at 1B: Morgan Gibbon
Now at 2B: Gerardo Escobedo
Pinch Hitting: LHB Stanley Mullins 0-0: Ball
1-0: Called Strike
1-1: Ball
2-1: Foul Ball, location: 2F
2-2: Strikes out swinging
Pinch Hitting: LHB Milton Watson 0-0: Swinging Strike
0-1: Foul Ball, location: 2F
0-2: Strikes out looking
Batting: RHB Fernando Gálvez 0-0: Ball
1-0: Called Strike
1-1: Called Strike
1-2: Ball
2-2: Foul Ball, location: 2F
2-2: Ball
3-2: Foul Ball, location: 2F
3-2: Strikes out looking
Bottom of the 7th over - 0 run(s), 0 hit(s), 0 error(s), 0 left on base; So Cal 4 - Nevada 4
TOP OF THE 8TH
So Cal Bruins batting - Pitching for Nevada Noise : LHP José Mercado
Now at 1B: Pepe González
Now at 3B: Rich Ruffin
Batting: LHB César Valentín 0-0: Ball
1-0: Called Strike
1-1: Ball
2-1: Ball
3-1: Called Strike
3-2: Fly out, F7 (Flyball, 7S)
Batting: RHB Eugene Gill 0-0: Called Strike
0-1: Ball
1-1: Ground out 6-3 (Groundball, 6)
Batting: LHB Phil Smith 0-0: Ball
1-0: Called Strike
1-1: Fly out, F9 (Flyball, 9S)
Top of the 8th over - 0 run(s), 0 hit(s), 0 error(s), 0 left on base; So Cal 4 - Nevada 4
BOTTOM OF THE 8TH
Nevada Noise batting - Pitching for So Cal Bruins : RHP Ramón López
Pinch Hitting: LHB Willie Wallace 0-0: Foul Ball, location: 2F
0-1: Called Strike
0-2: Strikes out swinging
Batting: SHB Julián Madrid 0-0: Called Strike
0-1: Foul Ball, location: 2F
0-2: Strikes out swinging
Pitching: LHP Juan Fuentes
Pinch Hitting: RHB Jesús Hernández 0-0: Foul Ball, location: 2F
0-1: Swinging Strike
0-2: Fly out, F8 (Flyball, 8RM)
Bottom of the 8th over - 0 run(s), 0 hit(s), 0 error(s), 0 left on base; So Cal 4 - Nevada 4
TOP OF THE 9TH
So Cal Bruins batting - Pitching for Nevada Noise : LHP José Mercado
Pitching: RHP Manuel González
Now at 1B: Willie Wallace
Now in CF: Max Jones
Batting: RHB Lawrence Schroeder 0-0: Swinging Strike
0-1: Swinging Strike
0-2: Ball
1-2: Strikes out swinging
Batting: RHB Earl Wiggins 0-0: Foul Ball, location: 2F
0-1: Called Strike
0-2: Fly out, F2 (Popup, 2R)
Batting: RHB Rubén Calderón 0-0: Foul Ball, location: 2F
0-1: Ball
1-1: Fly out, F8 (Flyball, 8LS)
Top of the 9th over - 0 run(s), 0 hit(s), 0 error(s), 0 left on base; So Cal 4 - Nevada 4
BOTTOM OF THE 9TH
Nevada Noise batting - Pitching for So Cal Bruins : LHP Juan Fuentes
Pitching: RHP Kitahachi Okada
Batting: LHB José Román 0-0: Called Strike
0-1: Ball
1-1: Ball
2-1: Foul Ball, location: 2F
2-2: Fly out, F7 (Line Drive, 7)
Batting: RHB Vern Carlton 0-0: Called Strike
0-1: Ball
1-1: Ball
2-1: Swinging Strike
2-2: Strikes out swinging, 2-3 out at first.
Batting: LHB Jeff Cole 0-0: Ball
1-0: Ball
2-0: Called Strike
2-1: Fly out, F9 (Flyball, 9S)
Bottom of the 9th over - 0 run(s), 0 hit(s), 0 error(s), 0 left on base; So Cal 4 - Nevada 4
TOP OF THE 10TH
So Cal Bruins batting - Pitching for Nevada Noise : RHP Manuel González
Batting: RHB Gerardo Escobedo 0-0: Called Strike
0-1: Foul Ball, location: 2F
0-2: Strikes out looking
Batting: RHB Morgan Gibbon 0-0: Foul Ball, location: 2F
0-1: Fly out, F7 (Flyball, 78S)
Batting: LHB Patrick Osborne 0-0: Ball
1-0: Ball
2-0: Ball
3-0: Called Strike
3-1: Foul Ball, location: 2F
3-2: Foul Ball, location: 2F
3-2: Base on Balls
Batting: LHB César Valentín 0-0: Ball
1-0: Ball
2-0: Ball
3-0: Called Strike
3-1: Ground out 5-3 (Groundball, 56)
Top of the 10th over - 0 run(s), 0 hit(s), 0 error(s), 1 left on base; So Cal 4 - Nevada 4
BOTTOM OF THE 10TH
Nevada Noise batting - Pitching for So Cal Bruins : RHP Kitahachi Okada
Pinch Hitting: LHB Tom Waller 0-0: Swinging Strike
0-1: Ball
1-1: Ball
2-1: Called Strike
2-2: SINGLE (Line Drive, 56D)
Batting: RHB Rich Ruffin 0-0: Sac Bunt - play at second, runner OUT -> throw to first, DP!
Batting: RHB Fernando Gálvez 0-0: Called Strike
0-1: Fly out, F2 (Popup, 23)
Bottom of the 10th over - 0 run(s), 1 hit(s), 0 error(s), 0 left on base; So Cal 4 - Nevada 4
TOP OF THE 11TH
So Cal Bruins batting - Pitching for Nevada Noise : RHP Manuel González
Now in LF: Jack Bailey
Batting: RHB Eugene Gill 0-0: Ball
1-0: Ball
2-0: Ball
3-0: Called Strike
3-1: Base on Balls
Pinch Hitting: LHB Robinson Fernández 0-0: Sac Bunt - play at first, batter OUT! 1-4
Eugene Gill to second
Batting: RHB Lawrence Schroeder 0-0: Ground out 1-3 (Groundball, 13)
Eugene Gill to third
Batting: RHB Earl Wiggins 0-0: Foul Ball, location: 2F
0-1: Called Strike
0-2: SINGLE (Groundball, 6MD)
Eugene Gill scores
Batting: RHB Rubén Calderón 0-0: Called Strike
0-1: Ball
1-1: DOUBLE (Flyball, 9D)
Earl Wiggins to third
Runner from 3rd tries for Home, SAFE, no throw
Batting: RHB Gerardo Escobedo 0-0: Ball
1-0: Ball
2-0: Ball
3-0: Base on Balls
Batting: RHB Morgan Gibbon 0-0: Foul Ball, location: 2F
0-1: Fly out, F2 (Popup, 3S)
Top of the 11th over - 2 run(s), 2 hit(s), 0 error(s), 2 left on base; So Cal 6 - Nevada 4
BOTTOM OF THE 11TH
Nevada Noise batting - Pitching for So Cal Bruins : RHP Kitahachi Okada
Pitching: RHP Marty Burgess
Now in CF: Jesús Campos
Batting: LHB Willie Wallace 0-0: Ball
1-0: Ball
2-0: SINGLE (Groundball, 34D)
Batting: SHB Julián Madrid 0-0: Ball
1-0: Swinging Strike
1-1: Ball
2-1: Foul Ball, location: 2F
2-2: Ball
3-2: Base on Balls
Willie Wallace to second
Batting: RHB Max Jones 0-0: SINGLE (Flyball, 89S)
Willie Wallace to third
Julián Madrid to second
Batting: LHB José Román 0-0: Called Strike
0-1: Swinging Strike
0-2: Ball
1-2: Strikes out swinging
Batting: RHB Vern Carlton 0-0: Called Strike
0-1: Foul Ball, location: 2F
0-2: Grounds into double play, 4-6-3 (Groundball, 4)
Bottom of the 11th over - 0 run(s), 2 hit(s), 0 error(s), 2 left on base; So Cal 6 - Nevada 4
Tuesday, August 8th, 2017 - OOTP Baseball 17.12 Build 75